 Dungeon Crawl Stone Soup version 0.32-a0-699-g1ee5eff69a (webtiles) character file.

Game seed: 8240628298927856624

889 pokeman the Thaumaturge (level 7, -4/40 HPs)
             Began as a Deep Elf Hedge Wizard on Mar 13, 2024.
             Slain by a water moccasin (6 damage)
             ... on level 5 of the Dungeon.
             The game lasted 00:08:23 (4412 turns).

pokeman the Thaumaturge (Deep Elf Hedge Wizard)     Turns: 4412, Time: 00:08:23

Health: -4/40      AC:  2    Str:  7    XL:     7   Next: 77%
Magic:  11/21      EV: 17    Int: 21    God:
Gold:   183        SH:  0    Dex: 14    Spells: 15/23 levels left

rFire   . . .        p - +1 spear (venom)
rCold   . . .        (no shield)
rNeg    . . .        b - +0 robe
rPois   .            c - +0 hat
rElec   .            (no cloak)
rCorr   .            (no gloves)
SInv    .            (no boots)
Will    .....        (no amulet)
Stlth   ++           q - +5 ring of evasion
HPRegen 0.26/turn    (no ring)
MPRegen 0.17/turn

%: no passive effects
@: lethally poisoned (-4 -> -22), on blink cooldown
A: no striking features
a: no special abilities


You were on level 5 of the Dungeon.
You visited 1 branch of the dungeon, and saw 5 of its levels.

You collected 183 gold pieces.

Inventory:

Hand Weapons
 p - a +1 spear of venom (weapon)
Missiles
 l - 3 throwing nets
Armour
 b - a +0 robe (worn)
 c - a +0 hat (worn)
Jewellery
 n - an amulet of guardian spirit
 q - a +5 ring of evasion (left hand)
 u - a +5 ring of evasion
 v - a +4 ring of protection
Scrolls
 a - 2 scrolls of blinking {unknown}
 g - 10 scrolls of identify {unknown}
 i - 4 scrolls of teleportation {unknown}
 k - 2 scrolls of fear {unknown}
 m - a scroll of revelation {unknown}
 r - 2 scrolls of acquirement {unknown}
 t - a scroll of amnesia {unknown}
 x - a scroll of immolation {unknown}
 y - a scroll of fog {unknown}
 z - a scroll of summoning {unknown}
Potions
 d - a potion of magic
 e - 4 potions of curing {unknown}
 f - a potion of ambrosia {unknown}
 h - a potion of degeneration {unknown}
 j - 3 potions of heal wounds {unknown}
 o - a potion of lignification {unknown}
 s - 2 potions of mutation {unknown}
 w - a potion of enlightenment {unknown}


   Skills:
 - Level 2.1 Fighting
 + Level 1.2 Armour
 - Level 3.1 Dodging
 - Level 3.0 Stealth
 * Level 8.8 Spellcasting
 + Level 4.5 Conjurations
 - Level 1.1 Summonings
 - Level 1.1 Translocations
 - Level 2.0 Air Magic
 - Level 2.1 Alchemy


You had 15 spell levels left.
You knew the following spells:

 Your Spells              Type           Power      Damage    Failure   Level
a - Magic Dart            Conj           100%       1d8       1%          1
b - Mephitic Cloud        Conj/Alch/Air  21%        N/A       7%          3
c - Call Imp              Summ           26%        N/A       7%          2
d - Blink                 Tloc           26%        N/A       7%          2

Your spell library contained the following spells:

 Spells                   Type           Power      Damage    Failure   Level
 Shock                    Conj/Air       92%        1d8       1%          1
 Cigotuvi's Dreadful Rot  Necr/Alch/Air  30%        N/A       6%          2
 Slow                     Hex            36%        N/A       8%          1
 Swiftness                Air            18%        N/A       10%         3
 Volatile Blastmotes      Fire/Tloc      22%        2d11      17%         3
 Frozen Ramparts          Ice            18%        1d3       22%         3
 Ozocubu's Armour         Ice            9%         N/A       22%         3
 Passwall                 Erth           9%         N/A       22%         3
 Airstrike                Air            9%         2d(2-18)  30%         4
 Metabolic Englaciation   Hex/Ice        4%         N/A       90%         5
 Bombard                  Conj/Erth      9%         9d2       99%         6


Dungeon Overview and Level Annotations

Branches:
Dungeon (5/15)
 Temple: D:4-7

Altars:
Wu Jian

Shops:
D:1 =


Message History

Casting: Magic Dart (safe; 1% risk of failure)
Confirm with . or Enter, or press ? or * to list all spells.
Aiming: Magic Dart (safe; 1% risk of failure)
Press: ? - help, Shift-Dir - straight line, f/p - water moccasin
Aim: a water moccasin (severely wounded, 100% to hit)
The magic dart hits the water moccasin.
The water moccasin is almost dead.
You feel very sick. The water moccasin bites you.
You are more poisoned.
The water moccasin poisons you!
Unknown command.
Casting: Magic Dart (safe; 1% risk of failure)
Confirm with . or Enter, or press ? or * to list all spells.
You blink.
You feel very sick. The water moccasin bites you.
You are lethally poisoned!
The water moccasin poisons you! The water moccasin misses you.
Casting: Blink (safe; 7% risk of failure)
Confirm with . or Enter, or press ? or * to list all spells.
Aiming: Magic Dart (safe; 1% risk of failure)
Press: ? - help, Shift-Dir - straight line, f/p - water moccasin
Aim: a water moccasin (almost dead, 100% to hit)
The magic dart hits the water moccasin but does no damage.
The water moccasin is almost dead.
You feel very sick. The water moccasin bites you!
* * * LOW HITPOINT WARNING * * *
Casting: Magic Dart (safe; 1% risk of failure)
Confirm with . or Enter, or press ? or * to list all spells.
Aiming: Magic Dart (safe; 1% risk of failure)
Press: ? - help, Shift-Dir - straight line, f/p - water moccasin
Aim: a water moccasin (almost dead, 100% to hit)
The magic dart hits the water moccasin but does no damage.
The water moccasin is almost dead.
* * * LOW HITPOINT WARNING * * *
You feel very sick. The water moccasin bites you.
You die...

## #. #####.## ......##
### ..... #.. #..# #.#
#.@# #.# #.S# #.# #..#
#.######### #..#
..........# #..#
#...#####.#####..####.#
.......##.#...........#
##.###....................
.................#########


You could see a water moccasin.

Vanquished Creatures
  Sigmund (D:4)
  Edmund (D:4)
  An ice beast (D:5)
  A centaur (D:5)
  A phantom (D:4)
  A scorpion (D:4)
  2 bombardier beetles
  Jessica (D:2)
  An iguana (D:5)
  3 gnolls (D:3)
  5 adders
  3 dart slugs (D:1)
  3 ribbon worms
  3 orcs
  5 ball pythons
  5 bats
  5 endoplasms
  4 giant cockroaches
  6 goblins
  7 hobgoblins
  6 jackals (D:2)
  3 kobolds
  7 quokkas
  11 frilled lizards
  4 rats
90 creatures vanquished.

Notes
Turn   | Place    | Note
-------+----------+-------------------------------------------
     0 | D:1      | pokeman the Deep Elf Hedge Wizard began the quest for the
                  | Orb.
     0 | D:1      | Reached XP level 1. HP: 10/10 MP: 7/7
   180 | D:1      | You fall into a shaft and drop 1 floor!
   287 | D:1      | Reached XP level 2. HP: 16/16 MP: 7/9
   526 | D:1      | Reached skill level 5 in Spellcasting
   563 | D:1      | Found Gunewnosch's Jewellery Shop.
  1128 | D:1      | Reached XP level 3. HP: 20/20 MP: 6/11
  1132 | D:1      | Learned a level 3 spell: Mephitic Cloud
  1135 | D:1      | Learned a level 2 spell: Call Imp
  1138 | D:1      | Learned a level 2 spell: Blink
  1527 | D:2      | Reached skill level 1 in Armour
  1598 | D:2      | Noticed Jessica
  1603 | D:2      | Killed Jessica
  1604 | D:2      | Reached skill level 1 in Fighting
  1604 | D:2      | Reached XP level 4. HP: 25/25 MP: 6/13
  2778 | D:3      | Reached skill level 6 in Spellcasting
  2778 | D:3      | Reached XP level 5. HP: 29/29 MP: 10/15
  3417 | D:4      | Noticed Sigmund
  3427 | D:4      | Killed Sigmund
  3428 | D:4      | Reached skill level 7 in Spellcasting
  3428 | D:4      | Reached skill level 1 in Air Magic
  3428 | D:4      | Reached skill level 1 in Alchemy
  3428 | D:4      | Reached XP level 6. HP: 34/34 MP: 14/18
  3573 | D:4      | Noticed Edmund
  3593 | D:4      | Killed Edmund
  3594 | D:4      | Reached XP level 7. HP: 38/38 MP: 11/20
  3764 | D:4      | Reached skill level 8 in Spellcasting
  4007 | D:5      | Entered Level 5 of the Dungeon
  4141 | D:5      | Found an ornate altar of the Wu Jian Council.
  4412 | D:5      | HP: 2/40 [poisoned by a water moccasin]
  4412 | D:5      | Slain by a water moccasin

Illustrated notes

Levels and vault maps discovered:
D:1:      lemuel_arrival_behind_the_door_small, layout_loops_ring, serial_shops,
          nicolae_shop_gaudy_bauble, minmay_lizard_pond
D:2:      layout_basic, minmay_heptomino_o4, uniq_jessica
D:3:      layout_rooms, minmay_distorted
D:4:      layout_rooms, uniq_edmund, uniq_sigmund
D:5:      cheibrodos_barr_body, layout_loops_ring, nzn_wu_jian_council_hall,
          minmay_temple_entry_poolview, serial_shops, shop

Skill      XL: |  1  2  3  4  5  6  7 |
---------------+----------------------+-----
Spellcasting   | 5 6 7 8 |  8.8
Armour         | 1 |  1.2
Fighting       | 1 2 |  2.1
Conjurations   | 2 3 4 |  4.5
Dodging        | 3 |  3.1
Stealth        | 3 |  3.0
Air Magic      | 1 2 |  2.0
Alchemy        | 1 2 |  2.1
Summonings     | |  1.1
Translocations | |  1.1

Action                     |  1- 3 |  4- 6 |  7- 9 || total
---------------------------+-------+-------+-------++-------
  Melee: Dagger            |     9 |    27 |       ||    36
         Spear             |       |    31 |    30 ||    61
   Cast: Magic Dart        |    78 |   102 |    22 ||   202
         Mephitic Cloud    |       |     9 |     4 ||    13
         Blink             |       |       |     1 ||     1
         Call Imp          |       |       |     1 ||     1
   Stab: Confused          |       |     3 |     2 ||     5
         Distracted        |       |       |     1 ||     1
 Armour: Robe              |     4 |    23 |    10 ||    37
  Dodge: Dodged            |     9 |    42 |    24 ||    75

Table legend: (Time is in decaauts)
 A = Elapsed time spent in this place.
 B = Non-inter-level travel time spent in this place.
 C = Inter-level travel time spent in this place.
 D = Time resting spent in this place.
 E = Time spent auto-exploring this place.
 F = Levels seen in this place.
 G = Mean time per level.
                   A        B        C        D        E       F      G
               +--------+--------+--------+--------+--------+-----+--------+
         Total |   4416 |   4289 |    127 |     15 |   3733 |   5 |  883.2 |
       Dungeon |   4416 |   4289 |    127 |     15 |   3733 |   5 |  883.2 |
               +--------+--------+--------+--------+--------+-----+--------+

Top non-repeatable levels by time:
     D:2: 1492 daAuts
     D:1: 1173 daAuts
     D:3: 749 daAuts
     D:4: 593 daAuts
     D:5: 407 daAuts
